AoeStats
← Malelf

Enclosed

506912307Analyzed
1v1 RM · 18d ago on Sep 15, 2026· 10m 2s· 2 players
Game mode
Random Map
Map size
Tiny (2 player)
Population
200
Speed
Normal
Resources
Standard
Victory
Conquest
Starting age
Dark Age
Ending age
Imperial Age
RankedLock teamsTeams togetherTeam positionsShared explorationLock speedFull tech treeHidden civsTurbo modeCheats
Victory
Defeat
🇮🇹 Byzantines · Italy
1747
+13
🇫🇷 Dravidians · France
1682
-13
Arthemis
7:09 Loom
9:24 Feudal Age
9:55 Double-Bit Axe
9:37 Man-at-Arms
Malelf
7:15 Loom
9:26 Feudal Age
10:01 Double-Bit Axe
9:57 Horse Collar
Connection lost

Rejoining the realm…

Still unreachable

The connection could not be restored.

Session expired

The server has moved on; the page needs a fresh start.